 Dungeon Crawl Stone Soup version 0.26.0-45-g9c1d065592 (webtiles) character file.

Game seed: 2359331824901601189

256 trckry the Bolt Thrower (level 6, -3/37 HPs)
             Began as a Tengu Hunter on Jan 28, 2021.
             Slain by an iron imp (7 damage)
             ... summoned by Eustachio
             ... on level 6 of the Dungeon.
             The game lasted 00:06:12 (2222 turns).

trckry the Bolt Thrower (Tengu Hunter)              Turns: 2222, Time: 00:06:12

Health: -3/37      AC: 12    Str: 15    XL:     6   Next: 15%
Magic:  8/8        EV:  7    Int: 11    God:
Gold:   147        SH:  0    Dex: 14    Spells: 5/5 levels left

rFire    . . .     SeeInvis .   b - +0 hand axe
rCold    . . .     Faith    .   (no shield)
rNeg     . . .     Spirit   .   e - +0 chain mail
rPois    .         Reflect  .   (helmet restricted)
rElec    .         Harm     .   (no cloak)
rCorr    .         Rampage  .   (no gloves)
Will     .....                  (boots unavailable)
Stlth    ..........             (no amulet)
HPRegen  0.12/turn              i - +4 ring of protection
MPRegen  0.11/turn              (no ring)

@: mighty
A: beak, talons 3, able to fly
a: Fly


You were on level 6 of the Dungeon.
You visited 1 branch of the dungeon, and saw 4 of its levels.

You collected 147 gold pieces.

Inventory:

Hand Weapons
 a - a +2 hand crossbow
 b - a +0 hand axe (weapon)
Missiles
 d - 20 bolts
Armour
 c - a +0 leather armour
 e - a +0 chain mail (worn)
 l - a +0 plate armour
Jewellery
 i - a +4 ring of protection (left hand)
Scrolls
 j - 6 scrolls of identify
 k - 3 scrolls of remove curse
Potions
 f - a potion of curing {unknown}
 g - a potion of attraction {unknown}
 h - a potion of might
 m - a potion of heal wounds {unknown}
 n - a potion of invisibility {unknown}
 o - a potion of mutation {unknown}
 p - a potion of magic {unknown}
 q - a potion of cancellation {unknown}


   Skills:
 + Level 3.1 Fighting
 * Level 5.8 Crossbows
 + Level 3.5 Dodging
 - Level 1.0 Stealth
 + Level 1.7 Invocations
 + Level 2.1 Evocations


You had 5 spell levels left.
You didn't know any spells.
Your spell library was empty.

Dungeon Overview and Level Annotations

Branches:
Dungeon (3/15)

Altars:

Annotations:
D:6 Eustachio


Innate Abilities, Weirdness & Mutations

You have a beak for a mouth.
You have claws for feet.
You can fly continuously.


Message History

The river rat bites you.
* * * LOW HITPOINT WARNING * * *
The river rat bites you but does no damage.
The iron imp hits you but does no damage.
As you read the scroll labelled VEYMAI VOIRCHURPHIPH, it crumbles to dust.
It is a scroll of identify.
h - 2 potions of might The crimson imp disappears in a puff of smoke!
The bat hits you but does no damage.
The crimson imp shouts, "Crawl home, thou twisted doghearted deadneck!"
The bat hits you but does no damage.
Eustachio gestures wildly while chanting.
Eustachio blinks!
The river rat bites you.
* * * LOW HITPOINT WARNING * * *
The river rat bites you.
* * * LOW HITPOINT WARNING * * *
You feel very mighty all of a sudden. The bat barely misses you.
The crimson imp closely misses you. The iron imp hits you!
You die...

# #.
###.#####
...#...#
#.b...#
#.r.5.##
#rr@5..#
######.#


You could see an iron imp (summoned), a crimson imp (summoned), 3 river rats and
a bat (summoned).

Vanquished Creatures
  Sigmund (D:2)
  Robin (D:2)
  3 adders
  An ooze (D:1)
  4 leopard geckos (D:1)
  A ball python (D:1)
  2 giant cockroaches (D:1)
  12 goblins
  2 hobgoblins
  6 kobolds
  8 bats
  2 frilled lizards (D:1)
  9 rats
52 creatures vanquished.

Notes
Turn   | Place    | Note
-------+----------+-------------------------------------------
     0 | D:1      | trckry the Tengu Hunter began the quest for the Orb.
     0 | D:1      | Reached XP level 1. HP: 12/12 MP: 2/2
   214 | D:1      | Reached XP level 2. HP: 17/17 MP: 3/3
   336 | D:1      | Reached XP level 3. HP: 20/21 MP: 4/4
   580 | D:1      | Reached skill level 1 in Evocations
  1202 | D:2      | Noticed Robin
  1208 | D:2      | Reached skill level 5 in Crossbows
  1218 | D:2      | Reached XP level 4. HP: 24/27 MP: 5/5
  1235 | D:2      | Killed Robin
  1236 | D:2      | Reached skill level 1 in Invocations
  1318 | D:2      | Noticed Sigmund
  1336 | D:2      | Killed Sigmund
  1337 | D:2      | Gained mutation: You can fly continuously. [Tengu growth]
  1337 | D:2      | Reached XP level 5. HP: 9/32 MP: 5/7
  1337 | D:2      | Reached XP level 6. HP: 11/37 MP: 5/8
  2203 | D:3      | You fall into a shaft and drop 3 floors!
  2203 | D:6      | Noticed Eustachio
  2221 | D:6      | HP: 4/37 [river rat[Eustachio] (3)]
  2222 | D:6      | Slain by an iron imp

Illustrated notes

Levels and vault maps discovered:
D:1:      dpeg_arrival_concentric_ovals, layout_basic
D:2:      layout_loops_cross, serial_co_window_serial, co_window_paths_a,
          co_window_paths_a, co_window_paths_a, co_window_paths_a,
          co_window_corner_a, co_window_broadway_c, co_window_of_opportunity_c,
          co_window_corner_cb, co_window_unsneaky_path_e, co_window_broadway_b,
          co_window_2corner, glass_columns_b, glass_columns_a, glass_columns_b,
          uniq_robin, uniq_sigmund
D:3:      layout_loops_corners, nemelex_spade_bored_becter
D:6:      layout_rooms, ashenzari_altar_1, kennysheep_mini_moat,
          serial_co_window_serial, co_window_paths_a, co_window_paths_b,
          co_window_corner_a, co_window_of_opportunity_a, co_window_corner_a,
          co_window_corner_a, co_window_of_opportunity_a, co_window_corner_cb,
          co_window_unsneaky_path_a, co_window_unsneaky_path_d,
          co_window_of_opportunity_b, glass_columns_c, chequers_mini_garden,
          minivault_27, kennysheep_path_1, kennysheep_nub,
          kb_lookout_dungeons_type, uniq_maggie, uniq_eustachio

Skill      XL: |  1  2  3  4 |
---------------+-------------+-----
Evocations     | 1 2 |  2.1
Crossbows      | 5 |  5.8
Invocations    | 1 |  1.7
Fighting       | 3 |  3.1
Dodging        | 3 |  3.5
Stealth        | |  1.0

Action                   |  1- 3 |  4- 6 || total
-------------------------+-------+-------++-------
Melee: Hand axe          |    72 |    57 ||   129
       Kick              |    14 |    13 ||    27
       Peck              |     7 |     8 ||    15
 Fire: Hand crossbow     |       |     5 ||     5
  Use: Scroll            |       |     3 ||     3
       Potion            |       |     1 ||     1
Armor: Chain mail        |    60 |    82 ||   142
Dodge: Dodged            |    28 |    50 ||    78
